 Dungeon Crawl Stone Soup version 0.27-a0-650-g8dd3ea4f36 (webtiles) character file.

Game seed: 257569887407373823

389 tilp the Insei (level 6, 0/42 HPs)
             Began as an Octopode Transmuter on Mar 15, 2021.
             Slain by a gnoll
             ... wielding a +0 flail
              (13 damage)
             ... on level 4 of the Dungeon.
             The game lasted 00:06:05 (5167 turns).

tilp the Insei (Octopode Transmuter)                Turns: 5167, Time: 00:06:06

Health: 0/42       AC:  1    Str:  9    XL:     6   Next: 79%
Magic:  9/9        EV: 13    Int: 17    God:
Gold:   265        SH:  0    Dex: 13    Spells: 6/9 levels left

rFire    + . .     SeeInvis .     - Unarmed
rCold    + . .     Faith    .   (no shield)
rNeg     . . .     Spirit   .   (helmet currently unavailable)
rPois    .         Reflect  .   (no amulet)
rElec    .         Harm     .   c - ring of protection from fire
rCorr    .         Rampage  .   j - ring of protection from cold
Will     .....                  (no ring)
Stlth    +++.......             (no ring)
HPRegen  0.14/turn              (no ring)
MPRegen  0.11/turn              (no ring)
                                (no ring)
                                (no ring)

@: appendages (expiring)
A: tentacle spike 3, almost no armour, amphibious, 8 rings, camouflage 1,
gelatinous body 1, nimble swimmer 1, tentacles
a: End Transformation


You were on level 4 of the Dungeon.
One of your tentacles had grown a beastly spike.
You visited 1 branch of the dungeon, and saw 4 of its levels.

You collected 265 gold pieces.

Inventory:

Missiles
 d - 10 poisoned darts (quivered)
Jewellery
 c - a ring of protection from fire (left tentacle)
 j - a ring of protection from cold (right tentacle)
Scrolls
 b - a scroll of fog
 h - a scroll of teleportation
Potions
 a - a potion of ambrosia
 e - 2 potions of might
 f - a potion of cancellation
 g - a potion of attraction {unknown}
 i - a potion of haste {unknown}
 k - 2 potions of lignification
 l - 4 potions of heal wounds
 m - a potion of mutation {unknown}
 n - a potion of brilliance {unknown}


   Skills:
 + Level 3.4 Fighting
 - Level 2.0 Dodging
 - Level 4.0 Stealth
 * Level 5.8 Unarmed Combat
 - Level 2.0 Spellcasting
 - Level 2.0 Transmutations


You had 6 spell levels left.
You knew the following spells:

 Your Spells              Type           Power      Damage    Failure   Level
a - Beastly Appendage     Tmut           16%        N/A       9%          1
b - Wereblood             Tmut           8%         N/A       13%         2

Your spell library contained the following spells:

 Spells                   Type           Power      Damage    Failure   Level
 Spider Form              Tmut/Pois      2%         N/A       36%         3
 Ice Form                 Ice/Tmut       5%         N/A       77%         4
 Blade Hands              Tmut           4%         N/A       93%         5


Dungeon Overview and Level Annotations

Branches:
Dungeon (4/15)
 Temple: D:4-7

Altars:
Nemelex Xobeh
Qazlal
Yredelemnul

Annotations:
D:4 Menkaure


Innate Abilities, Weirdness & Mutations

One of your tentacles has grown a beastly spike.
You cannot wear most types of armour.
You are amphibious.
You can wear up to eight rings at the same time.
Your skin changes colour to match your surroundings (Stealth+).
Your rubbery body absorbs attacks. (AC +1, EV +1)
You are stealthy while swimming. (Stealth+)
You have tentacles for arms and can constrict up to eight enemies at once.


Message History

Magic restored.
Your tentacle spike disappears.
Items here: )) [ รทรท.
A gnoll is nearby!
Casting: Beastly Appendage (safe; 9% risk of failure)
Confirm with . or Enter, or press ? or * to list all spells.
One of your tentacles grows a vicious spike.
The gnoll hits you with a +0 spear.
You tentacle-slap the gnoll but do no damage.
You grab the gnoll.
You pierce the gnoll.
You squeeze the gnoll.
The gnoll is moderately wounded.
You constrict the gnoll. The gnoll closely misses you.
The gnoll shouts!
You tentacle-slap the gnoll.
You pierce the gnoll.
You tentacle-slap the gnoll, but do no damage.
The gnoll is severely wounded.
You constrict the gnoll. The gnoll hits you with a +0 spear.
You barely miss the gnoll.
You pierce the gnoll.
You kill the gnoll!
You see here a +0 spear.
The gnoll barely misses you.
You barely miss the gnoll. Your grab misses the gnoll.
Your tentacle spike misses the gnoll.
The gnoll hits you with a +0 flail.
You tentacle-slap the gnoll but do no damage.
You grab the gnoll.
You pierce the gnoll.
The gnoll is lightly wounded.
You constrict the gnoll. The gnoll closely misses you.
You tentacle-slap the gnoll.
The gnoll is moderately wounded.
Your transformation is almost over.
You constrict the gnoll. The gnoll hits you with a +0 flail!
* * * LOW HITPOINT WARNING * * *
The gnoll shouts!
You are too injured to fight recklessly!
You are too injured to fight recklessly!
Unknown command.
You barely miss the gnoll.
The gnoll is moderately wounded.
You constrict the gnoll. The gnoll hits you with a +0 flail!
You die...

##### ####...## .....#..#######
###.###.......###################
#..#..####..................)..
##...## #...######.#....###.##
##### #...######...#### #.##
#..>g@)......# #.##
############.g######..###########
..............# ##.# #.......
############g.# #.####.......
#####..# #............ #....<.#
#.####....... #.###.## #.#
#....... #.# #.# #.# ########
########.# #.# #.# #.


You could see 2 gnolls.

Vanquished Creatures
  A howler monkey (D:4)
  A hound (D:4)
  A gnoll shaman (D:4)
  An iguana (D:4)
  A worker ant (D:4)
  8 gnolls
  5 adders
  An ooze (D:3)
  4 worms
  3 dart slugs (D:1)
  4 leopard geckos
  2 orcs
  2 ball pythons
  13 bats
  3 giant cockroaches
  2 gnoll zombies (D:4)
  7 goblins
  10 hobgoblins
  9 jackals
  3 quokkas
  6 frilled lizards
  6 kobolds
  4 rats
97 creatures vanquished.

Notes
Turn   | Place    | Note
-------+----------+-------------------------------------------
     0 | D:1      | tilp the Octopode Transmuter began the quest for the Orb.
     0 | D:1      | Reached XP level 1. HP: 13/13 MP: 3/3
    60 | D:1      | Reached skill level 1 in Stealth
   129 | D:1      | Reached XP level 2. HP: 18/18 MP: 5/5
   132 | D:1      | Learned a level 2 spell: Wereblood
   489 | D:1      | Reached XP level 3. HP: 23/23 MP: 6/6
   949 | D:2      | Reached XP level 4. HP: 24/28 MP: 4/7
  1342 | D:2      | Found a stormy altar of Qazlal.
  2142 | D:3      | Reached skill level 4 in Unarmed Combat
  2243 | D:3      | Reached XP level 5. HP: 34/34 MP: 8/8
  2799 | D:3      | Found a sparkling altar of Nemelex Xobeh.
  3484 | D:4      | Reached skill level 5 in Unarmed Combat
  3491 | D:4      | Reached XP level 6. HP: 30/41 MP: 6/9
  3874 | D:4      | Noticed Menkaure
  4569 | D:4      | Found a basalt altar of Yredelemnul.
  5167 | D:4      | Slain by a gnoll

Illustrated notes

Levels and vault maps discovered:
D:1:      dpeg_arrival_rooms_with_view, layout_basic
D:2:      layout_basic, general_overflow_altar, minmay_misc_feat_diagonals,
          chequers_serial_rivers_micro_a
D:3:      layout_rooms, nemelex_altar_shiori, roderic_batcave, feat_on_display
D:4:      layout_loops_ring, lemuel_zombie_altar_yredelemnul, uniq_menkaure

Skill      XL: |  1  2  3  4  5  6 |
---------------+-------------------+-----
Stealth        | 2 4 |  4.0
Unarmed Combat | 4 5 |  5.8
Fighting       | 2 3 |  3.4
Dodging        | |  2.0
Spellcasting   | |  2.0
Transmutations | |  2.0

Action                   |  1- 3 |  4- 6 || total
-------------------------+-------+-------++-------
Melee: Unarmed           |    63 |   167 ||   230
       Constrict         |    23 |    41 ||    64
       Tentacles         |     9 |    27 ||    36
       Punch             |     1 |     9 ||    10
       Kick              |     4 |    46 ||    50
Throw: Dart              |       |    12 ||    12
 Cast: Beastly Appendage |     3 |    24 ||    27
       Wereblood         |     2 |    12 ||    14
  Use: Scroll            |     3 |     9 ||    12
 Stab: Sleeping          |     6 |    10 ||    16
Armor: Skin              |     5 |    11 ||    16
Dodge: Dodged            |    44 |   109 ||   153

Table legend: (Time is in decaauts)
 A = Elapsed time spent in this place.
 B = Non-inter-level travel time spent in this place.
 C = Inter-level travel time spent in this place.
 D = Time resting spent in this place.
 E = Time spent auto-exploring this place.
 F = Levels seen in this place.
 G = Mean time per level.
                   A        B        C        D        E       F      G
               +--------+--------+--------+--------+--------+-----+--------+
         Total |   5151 |   4994 |    157 |   1270 |   2922 |   4 | 1287.8 |
       Dungeon |   5151 |   4994 |    157 |   1270 |   2922 |   4 | 1287.8 |
               +--------+--------+--------+--------+--------+-----+--------+

Top non-repeatable levels by time:
     D:2: 1701 daAuts
     D:4: 1694 daAuts
     D:1: 894 daAuts
     D:3: 860 daAuts
